 Dungeon Crawl Stone Soup version 0.23.2-1-ga50397a6bc (webtiles) character file.

Game seed: 1970481627859315239

358 MisterOstroum the Vandal (level 6, 0/51 HPs)
             Began as a Formicid Hunter on May 24, 2019.
             Slain by a bullfrog (8 damage)
             ... in a sewer.
             The game lasted 00:08:31 (3302 turns).

MisterOstroum the Vandal (Formicid Hunter)          Turns: 3302, Time: 00:08:32

Health: 0/51       AC:  3    Str: 19    XL:     6   Next: 97%
Magic:  6/6        EV: 12    Int: 10    God:
Gold:   130        SH:  0    Dex: 13    Spells: 5/5 levels left

rFire    . . .     SeeInvis +   a - +1 hunting sling
rCold    . . .     Gourm    .   (no shield)
rNeg     . . .     Faith    .   c - +0 leather armour
rPois    .         Spirit   .   (helmet unavailable)
rElec    .         Reflect  .   (no cloak)
rCorr    .         Harm     .   (no gloves)
MR       .....                  (no boots)
Stlth    +.........             (no amulet)
HPRegen  0.17/turn              t - ring of stealth
MPRegen  0.10/turn              s - +2 ring of dexterity

@: very slow
A: permanent stasis, dig shafts and tunnels, four strong arms, antennae 3
a: Dig, Shaft Self


You were in a sewer.
You were not hungry.

You visited 1 branch of the dungeon, and saw 4 of its levels.
You also visited: Sewer.

You collected 130 gold pieces.

Inventory:

Hand Weapons
 a - a +1 hunting sling (weapon)
 B - a +0 falchion
 D - a +0 hand axe
Missiles
 d - 5 sling bullets (quivered)
 f - 103 stones
Armour
 c - a +0 leather armour (worn)
 v - a +0 cloak
Jewellery
 q - an uncursed ring of magical power
 r - an uncursed ring of wizardry
 s - a +2 ring of dexterity (right hand)
 t - a ring of stealth (left hand)
Wands
 y - a wand of paralysis (5)
Scrolls
 g - 2 scrolls of remove curse
 h - 3 scrolls of identify
 i - 4 scrolls of teleportation {unknown}
 j - a scroll of random uselessness {unknown}
 l - a scroll of noise {unknown}
 n - 3 scrolls of magic mapping {unknown}
 o - 2 scrolls of amnesia {unknown}
 p - a scroll of blinking {@r4}
 w - a scroll of immolation {unknown}
 E - 2 scrolls of fear {unknown}
 F - a scroll of fog {unknown}
Potions
 b - a potion of might {unknown}
 k - a potion of invisibility {unknown}
 m - 3 potions of curing
 x - a potion of heal wounds {unknown}
 z - a potion of berserk rage {unknown}
 A - a potion of brilliance {unknown}
 C - a potion of magic {unknown}
Comestibles
 e - 5 rations
 u - 5 chunks of flesh


   Skills:
 + Level 5.5 Fighting
 + Level 6.7 Slings
 - Level 1.7 Dodging
 - Level 1.2 Stealth


You had 5 spell levels left.
You didn't know any spells.
Your spell library was empty.

Dungeon Overview and Level Annotations

Branches:
Dungeon (4/15)
 Temple: D:4-7

Altars:

Annotations:
D:3 1 runed translucent door, Crazy Yiuf


Innate Abilities, Weirdness & Mutations

You cannot be hasted, slowed, berserked, paralysed or teleported.
You can dig through walls and to a lower floor.
Your four strong arms can wield two-handed weapons with a shield.
You have a pair of large antennae on your head. (SInv)


Message History

Firing (i - inventory. (/) - cycle)
d - 13 sling bullets (quivered)
Press: ? - help, Shift-Dir - straight line, f - ball python
Aim: a ball python You shoot a sling bullet.
The sling bullet completely misses the ball python.
You feel sick. The ball python misses you. The ball python grabs you.
The ball python constricts you.
Firing (i - inventory. (/) - cycle)
d - 12 sling bullets (quivered)
Press: ? - help, Shift-Dir - straight line, f/p - ball python
Aim: a ball python (constricting you)
You shoot a sling bullet. The sling bullet hits the ball python!
You kill the ball python!
The adder bites you.
You are more poisoned.
The adder poisons you!
Firing (i - inventory. (/) - cycle)
d - 11 sling bullets (quivered)
Press: ? - help, Shift-Dir - straight line, f - adder
Aim: an adder You shoot a sling bullet.
The bullfrog gives a loud, deep croak!
The sling bullet hits the adder!
The adder is severely wounded.
You hear an angry hiss. x2
The adder misses you.
Firing (i - inventory. (/) - cycle)
d - 10 sling bullets (quivered)
Press: ? - help, Shift-Dir - straight line, f/p - adder
Aim: an adder (severely wounded)
You shoot a sling bullet.
The sling bullet closely misses the adder.
The adder barely misses you.
A ball python comes into view.
Firing (i - inventory. (/) - cycle)
d - 9 sling bullets (quivered)
Press: ? - help, Shift-Dir - straight line, f/p - adder
Aim: an adder (severely wounded)
You shoot a sling bullet. The sling bullet hits the adder.
You kill the adder!
You feel sick.
Firing (i - inventory. (/) - cycle)
d - 8 sling bullets (quivered)
Press: ? - help, Shift-Dir - straight line, f - bullfrog
Aim: a bullfrog You shoot a sling bullet.
The sling bullet hits the bullfrog!
The bullfrog is heavily wounded.
The bullfrog swells and bulges.
The bullfrog closely misses you.
A bullfrog comes into view.
The ball python closely misses you. The ball python grabs you.
The ball python constricts you. The bullfrog hits you.
The bullfrog moves out of view.
Firing (i - inventory. (/) - cycle)
d - 7 sling bullets (quivered)
Press: ? - help, Shift-Dir - straight line, f/p - bullfrog
Aim: a bullfrog (heavily wounded)
You shoot a sling bullet. The sling bullet hits the bullfrog.
The bullfrog is heavily wounded.
The bullfrog hits you. The ball python barely misses you.
The ball python constricts you.
Firing (i - inventory. (/) - cycle)
d - 6 sling bullets (quivered)
Press: ? - help, Shift-Dir - straight line, f/p - bullfrog
Aim: a bullfrog (heavily wounded)
You shoot a sling bullet. The sling bullet misses the bullfrog.
You feel sick. The bullfrog hits you. The ball python loses its grip on you.
It was a potion of curing.
You feel better. The bullfrog closely misses you.
The ball python completely misses you. The ball python barely misses you. x2
The ball python closely misses you. The ball python misses you.
The ball python barely misses you. The bullfrog hits you!
The ball python bites you. The ball python closely misses you.
As you read the scroll labeled ANTOOQ AVIMU, it crumbles to dust.
It is a scroll of identify.
g - 2 scrolls of remove curse The ball python completely misses you.
The ball python barely misses you. The bullfrog barely misses you.
The ball python barely misses you. x2
The ball python bites you. The ball python grabs you.
The ball python constricts you.
As you read the scroll labeled BIBLAUV WECYPPUPHE, it crumbles to dust.
Your stasis prevents you from teleporting.
It was a scroll of blinking.
The bullfrog hits you. The ball python closely misses you.
The ball python barely misses you.
The ball python bites you but does no damage.
The ball python constricts you. The bullfrog misses you.
The ball python bites you but does no damage.
The ball python completely misses you.
You escape the ball python's grasp.
You enter the shallow water.
Moving in this stuff is going to be slow.
The ball python closely misses you. The ball python completely misses you.
The bullfrog hits you.
* * * LOW HITPOINT WARNING * * *
The ball python barely misses you. The ball python completely misses you.
The ball python bites you but does no damage.
The ball python closely misses you.
Okay, then.
The ball python hisses angrily.
The ball python bites you but does no damage.
The ball python completely misses you.
The bullfrog hits you but does no damage.
The ball python closely misses you. The ball python grabs you.
* * * LOW HITPOINT WARNING * * *
The ball python constricts you. The bullfrog hits you.
* * * LOW HITPOINT WARNING * * *
The ball python bites you but does no damage.
You escape the ball python's grasp.
The bullfrog hits you!
You die...

#...##### #.÷..'..#
#....#..# ##...####
#....##################
#.....#≈≈≈≈≈≈≈≈≈≈≈≈≈≈≈#.
##.....≈≈≈≈≈S≈≈≈≈≈≈≈≈≈.S
#.....≈≈≈≈≈S≈≈≈≈≈≈≈≈#.S
#.....≈≈≈≈@FS≈(≈≈≈≈≈≈.F
##....≈≈≈≈S#≈.((≈≈≈≈≈..
###..≈≈≈≈≈≈≈≈≈≈≈≈≈≈≈#.
###################


You could see a bullfrog and 4 ball pythons.

Vanquished Creatures
  A water moccasin skeleton (D:4)
  Terence (D:3)
  8 river rats
  10 adders
  4 oozes
  4 worms
  A dart slug (D:1)
  6 leopard geckos
  4 bats
  5 giant cockroaches
  9 hobgoblins
  8 jackals
  7 ball pythons (Sewer)
  4 frilled lizards
  5 goblins
  6 kobolds
  28 rats
111 creatures vanquished.

Notes
Turn   | Place    | Note
-------+----------+-------------------------------------------
     0 | D:1      | MisterOstroum the Formicid Hunter began the quest for the
                  | Orb.
     0 | D:1      | Reached XP level 1. HP: 16/16 MP: 1/1
   137 | D:1      | Reached XP level 2. HP: 23/23 MP: 2/2
   408 | D:1      | Reached XP level 3. HP: 28/28 MP: 3/3
   433 | D:1      | Reached skill level 5 in Slings
   798 | D:2      | Reached XP level 4. HP: 35/35 MP: 4/4
  1564 | D:2      | Reached XP level 5. HP: 42/42 MP: 5/5
  2239 | D:3      | Found a runed translucent door.
  2240 | D:3      | Noticed Crazy Yiuf
  2384 | D:3      | Noticed Terence
  2393 | D:3      | Killed Terence
  2743 | D:4      | Reached skill level 6 in Slings
  2743 | D:4      | Reached XP level 6. HP: 33/49 MP: 6/6
  2843 | D:4      | Found a glowing drain.
  2847 | Sewer    | Entered a sewer
  2937 | Sewer    | Reached skill level 5 in Fighting
  3302 | Sewer    | Slain by a bullfrog

Skill      XL: |  1  2  3  4  5  6 |
---------------+-------------------+-----
Fighting       | 3 4 5 |  5.5
Slings         | 5 6 |  6.7
Dodging        | |  1.7
Stealth        | |  1.2

Action                   |  1- 3 |  4- 6 || total
-------------------------+-------+-------++-------
Melee: Short sword       |    11 |       ||    11
 Fire: Hunting sling     |    70 |   245 ||   315
 Abil: Dig               |     2 |     2 ||     4
  Use: Scroll            |       |     2 ||     2
       Potion            |       |     1 ||     1
  Eat: Chunk             |       |     7 ||     7
Armor: Leather armour    |     4 |    15 ||    19
Dodge: Dodged            |    17 |    82 ||    99
